 Dungeon Crawl Stone Soup version 0.30-a0-424-g7412bad402 (webtiles) character file.

Game seed: 11696017837671505164

11492 AigisTheKnight the Thaumaturge (level 11, -2/92 HPs)
             Began as a Purple Draconian Fire Elementalist on Dec 10, 2022.
             Was a High Priest of the Shining One.
             Slain by a komodo dragon (8 damage)
             ... on level 10 of the Dungeon.
             The game lasted 00:25:27 (11529 turns).

AigisTheKnight the Thaumaturge (DrFE)              Turns: 11529, Time: 00:25:27

Health: -2/92      AC: 11    Str: 10    XL:     11   Next: 50%
Magic:  14/23      EV: 17    Int: 21    God:    the Shining One [*****.]
Gold:   740        SH:  6    Dex: 20    Spells: 20/26 levels left

rFire   . . .      SeeInvis .    y - +8 quarterstaff of Success {freeze, Drain rPois Will+ Dex+3}
rCold   . . .      Faith    .    (shield currently unavailable)
rNeg    + + .      Spirit   .    (body armour unavailable)
rPois   +          Reflect  .    (helmet restricted)
rElec   .          Harm     .    I - +2 cloak {Will+}
rCorr   .          Rampage  .    (no gloves)
Will    +++..                    j - +0 pair of boots
Stlth   +.........               w - amulet of magic regeneration
HPRegen 0.35/turn                k - +4 ring of slaying
MPRegen 0.58/turn                G - +6 ring of dexterity

@: divinely shielded, glowing, studying Dodging
A: breathe power, AC +7, unfitting armour, cold-blooded
a: Breathe Dispelling Energy, Renounce Religion, Divine Shield, Cleansing Flame,
Summon Divine Warrior


You were on level 10 of the Dungeon.
You worshipped the Shining One.
The Shining One was extremely pleased with you.
You visited 3 branches of the dungeon, and saw 12 of its levels.

You collected 920 gold pieces.
You spent 180 gold pieces at shops.

Inventory:

Hand Weapons
 y - the +8 quarterstaff of Success (weapon) {freeze, Drain rPois Will+ Dex+3}
   (You found it on level 6 of the Dungeon)

   It freezes those it strikes, dealing additional cold damage.
   It can also slow down cold-blooded creatures.
   Dex:       It affects your dexterity (+3).
   rPois:     It protects you from poison.
   Drain:     It drains your maximum health when unequipped.
   Will:      It increases your willpower.
Missiles
 D - 2 throwing nets
Armour
 j - a +0 pair of boots (worn)
 C - a +0 kite shield
 I - a +2 cloak of willpower (worn)
Magical Staves
 d - a staff of fire
Jewellery
 k - a +4 ring of slaying (left hand)
 w - an amulet of magic regeneration (around neck)
 x - the amulet "Cattawi" {Spirit Str+3}
   (You found it on level 4 of the Dungeon)

   [amulet of guardian spirit]

   It causes incoming damage to be divided between your reserves of health and
   magic.
   Str:       It affects your strength (+3).
 G - a +6 ring of dexterity (right hand)
Wands
 r - a wand of light (15)
 s - a wand of digging (10)
 B - a wand of flame (67)
 L - a wand of paralysis (12)
Scrolls
 e - a scroll of brand weapon {unknown}
 f - 3 scrolls of immolation {unknown}
 g - a scroll of enchant weapon {unknown}
 h - 3 scrolls of noise {unknown}
 l - 4 scrolls of teleportation {unknown}
 m - a scroll of acquirement {unknown}
 n - 2 scrolls of silence {unknown}
 p - 3 scrolls of fear {unknown}
 u - 2 scrolls of magic mapping {unknown}
 v - 3 scrolls of poison {unknown}
 E - 5 scrolls of identify {unknown}
 F - 3 scrolls of vulnerability {unknown}
 H - 2 scrolls of amnesia {unknown}
 M - a scroll of enchant armour {unknown}
Potions
 a - 2 potions of magic
 b - 3 potions of invisibility {unknown}
 c - 3 potions of might {unknown}
 i - 2 potions of ambrosia {unknown}
 o - 6 potions of mutation {unknown}
 q - 5 potions of heal wounds {unknown}
 t - 4 potions of curing {unknown}
 z - 2 potions of degeneration {unknown}
 A - 4 potions of lignification {unknown}
 J - 2 potions of brilliance {unknown}
 K - 4 potions of berserk rage {unknown}
 N - a potion of cancellation {unknown}


   Skills:
 + Level 7.5 Fighting
 + Level 4.5 Staves
 + Level 7.6 Dodging
 - Level 1.7 Stealth
 + Level 5.2 Shields
 + Level 8.1 Spellcasting
 + Level 6.8 Conjurations
 + Level 5.5 Summonings
 + Level 6.5 Fire Magic
 + Level 6.1 Evocations


You had 20 spell levels left.
You knew the following spells:

 Your Spells              Type           Power      Damage    Failure   Level
a - Foxfire               Conj/Fire      100%       2x1d9     1%          1
b - Scorch                Fire           70%        2d9       1%          2
c - Inner Flame           Hex/Fire       22%        N/A       6%          3

Your spell library contained the following spells:

 Spells                   Type           Power      Damage    Failure   Level
 Flame Wave               Conj/Fire      36%        2d10      4%          4
 Ignite Poison            Fire/Tmut/Pois 17%        N/A       10%         3
 Kindle Blastsparks       Fire/Tloc/Air  34%        2d12      10%         3
 Frozen Ramparts          Ice            16%        1d3       24%         3
 Summon Ice Beast         Ice/Summ       20%        N/A       26%         4
 Cause Fear               Hex            4%         N/A       61%         4
 Ice Form                 Ice/Tmut       8%         N/A       61%         4
 Manifold Assault         Tloc           8%         N/A       61%         4
 Freezing Cloud           Conj/Ice/Air   9%         6-21      65%         5
 Dispersal                Tloc           4%         N/A       100%        6
 Dragon Form              Tmut           4%         N/A       100%        7
 Disjunction              Tloc           4%         N/A       100%        8
 Dragon's Call            Summ           15%        N/A       100%        9


Dungeon Overview and Level Annotations

Branches:
Dungeon (10/15)            Temple (1/1) D:4            Lair (1/5) D:10
    Orc (0/2) D:10

Altars:
Ashenzari
Cheibriados
Dithmenos
Elyvilon
Fedhas
Gozag
Hepliaklqana
Kikubaaqudgha
Makhleb
Nemelex Xobeh
Okawaru
Qazlal
Ru
Sif Muna
Trog
Uskayaw
Vehumet
Wu Jian
Xom
Yredelemnul
Zin
The Shining One

Shops:
D:5 *   D:6 [   D:8 (

Annotations:
Temple 2 transporters


Innate Abilities, Weirdness & Mutations

You can breathe bolts of dispelling energy.
Your rich purple scales are hard. (AC +7)
You cannot fit into any form of body armour.
You are cold-blooded and may be slowed by cold attacks.


Message History

The wolf's fire resistance burns away.
The wolf bites you. The wolf bites you but does no damage.
The cane toad stings you. The wolf closely misses you.
The wolf bites you but does no damage. The komodo dragon bites you!
The wolf bites you. The wolf misses you. The cane toad misses you.
The wolf closely misses you. The wolf barely misses you.
The komodo dragon bites you!
You climb upwards.
Welcome back to the Dungeon!
There is a staircase to the Lair, spattered with blood here.
Casting: Scorch (safe; 1% risk of failure)
Confirm with . or Enter, or press ? or * to list all spells.
Flames lash the komodo dragon.
The komodo dragon is moderately wounded.
The komodo dragon's fire resistance burns away.
The wolf barely misses you. The wolf bites you. The komodo dragon misses you.
Unknown command.
Casting: Scorch (safe; 1% risk of failure)
Confirm with . or Enter, or press ? or * to list all spells.
Flames lash the cane toad.
The cane toad is lightly wounded.
The cane toad's fire resistance burns away.
The wolf is no longer more vulnerable to fire.
The wolf closely misses you. x2; The wolf misses you.
The wolf barely misses you. The komodo dragon bites you!
Casting: Scorch (safe; 1% risk of failure)
Confirm with . or Enter, or press ? or * to list all spells.
Flames lash the wolf.
The wolf is burned terribly!
The wolf is severely wounded.
The wolf barely misses you. The wolf bites you! The wolf bites you.
The wolf closely misses you. The komodo dragon bites you!!
* * * LOW HITPOINT WARNING * * *
Aiming: Breathe Dispelling Energy (3% risk of failure)
Press: ? - help, Shift-Dir - straight line, f - wolf
Aim: a wolf (severely wounded, more vulnerable to fire, haloed, 57% to hit)
Okay, then.
Unknown command.
A divine shield forms around you! The wolf bites you.
* * * LOW HITPOINT WARNING * * *
The wolf barely misses you. The komodo dragon bites you!
You die...

# #....# ##...)....##
#.#### # #....#
##......### ###.###
###...<#
###......######.....#
.......#
##P.P.......##.......#
#.#....#
#..........P...#.....#
#.#....#
##.........P....#######
#......###.........P.P.P.#
###..........P.####.P....#
#....##......#@h#..P...#
#######......#lhF...P..#
##.....####(.P...#
#..P.......P.P..#
##........P...#.#
#.(..[..P..P.#.#
##........P.##.#
###....P......#
####....#####


You could see a komodo dragon (combustible), a cane toad (combustible) and 2
wolves.

Vanquished Creatures
  A two-headed ogre (D:8)
  Nergalle (D:10)
  Lodul (D:10)
  A gargoyle (D:10)
  A rime drake (Lair:1)
  A hornet (D:8)
  Grinder (D:6)
  2 wraiths (D:10)
  6 yaks
  Edmund (D:4)
  3 vampire mosquitoes (D:10)
  2 water moccasins
  2 orc warriors
  11 ogres
  A black bear (D:10)
  7 centaurs
  A phantom (D:5)
  2 kobold brigands (D:9)
  4 bullfrogs
  6 necrophages
  A gnoll sergeant (D:9)
  Blork the orc (D:4)
  21 wights
  A wyvern zombie (D:7)
  3 scorpions
  29 killer bees
  6 howler monkeys
  An electric eel (D:6)
  3 centaur zombies (D:7)
  A human zombie (D:7)
  3 jellies
  3 orc priests
  4 hounds (D:6)
  Crazy Yiuf (D:4)
  Terence (D:3)
  Jessica (D:2)
  3 gnoll boudas
  4 iguanas
  9 orc wizards
  Natasha (thrice) (D:3)
  2 mummies (D:7)
  Robin (D:2)
  A howler monkey zombie (D:7)
  19 gnolls
  11 adders
  A white imp (D:6)
  2 ufetubi
  2 dart slugs (D:2)
  32 orcs
  6 ball pythons
  8 bats
  7 endoplasms
  4 giant cockroaches
  12 goblins
  8 hobgoblins
  9 jackals
  4 quokkas
  A frilled lizard (D:3)
  11 kobolds
  5 rats
300 creatures vanquished.

Vanquished Creatures (others)
  A black bear (D:10)
  870 foxfires
  14 fungi (D:10)
  12 plants (D:10)
897 creatures vanquished.

Grand Total: 1197 creatures vanquished

Notes
Turn   | Place    | Note
-------+----------+-------------------------------------------
     0 | D:1      | AigisTheKnight the Draconian Fire Elementalist began the
                  | quest for the Orb.
     0 | D:1      | Reached XP level 1. HP: 14/14 MP: 3/3
   348 | D:1      | Reached XP level 2. HP: 22/22 MP: 3/5
   796 | D:1      | Reached skill level 1 in Fighting
  1121 | D:2      | Found a glowing silver altar of Zin.
  1124 | D:2      | Noticed Jessica
  1129 | D:2      | Killed Jessica
  1130 | D:2      | Reached XP level 3. HP: 28/28 MP: 0/6
  1414 | D:2      | You fall into a shaft and drop 1 floor!
  1423 | D:3      | Reached XP level 4. HP: 36/36 MP: 2/7
  2113 | D:3      | Noticed Natasha
  2120 | D:3      | Killed Natasha
  2121 | D:3      | Reached XP level 5. HP: 24/42 MP: 3/9
  2216 | D:3      | Noticed Natasha
  2227 | D:3      | Killed Natasha
  2228 | D:3      | Reached skill level 3 in Spellcasting
  2359 | D:3      | Noticed Natasha
  2363 | D:3      | Killed Natasha
  2520 | D:3      | Noticed Terence
  2667 | D:3      | Killed Terence
  2671 | D:3      | Noticed Robin
  2762 | D:2      | Killed Robin
  2775 | D:3      | Reached XP level 6. HP: 43/51 MP: 5/10
  3443 | D:4      | Learned a level 2 spell: Scorch
  3577 | D:4      | Your scales start taking on a rich purple colour.
  3577 | D:4      | Reached skill level 4 in Spellcasting
  3577 | D:4      | Reached XP level 7. HP: 58/58 MP: 8/14
  3644 | D:4      | Found a staircase to the Ecumenical Temple.
  3655 | Temple   | Entered the Ecumenical Temple
  3655 | Temple   | Found a transporter.
  3655 | Temple   | Found a transporter.
  3657 | Temple   | Found a transporter.
  3657 | Temple   | Found a transporter.
  3670 | Temple   | Learned a level 3 spell: Inner Flame
  3687 | Temple   | Became a worshipper of the Shining One
  3730 | D:4      | Found an iron altar of Okawaru.
  3760 | D:4      | Noticed Blork the orc
  3768 | D:4      | Killed Blork the orc
  3841 | D:4      | Found a shimmering altar of Xom.
  3842 | D:4      | Found a shimmering altar of Xom.
  3843 | D:4      | Found a shimmering altar of Xom.
  3843 | D:4      | Found a shimmering altar of Xom.
  3875 | D:4      | Identified the amulet "Cattawi" {Spirit Str+3}
  3897 | D:4      | Found a runed translucent door.
  3898 | D:4      | Noticed Crazy Yiuf
  3964 | D:4      | Killed Crazy Yiuf
  3965 | D:4      | Reached skill level 1 in Evocations
  4149 | D:4      | Found a sparkling altar of Nemelex Xobeh.
  4161 | D:4      | Noticed Edmund
  4178 | D:4      | Killed Edmund
  4179 | D:4      | Reached skill level 5 in Spellcasting
  4179 | D:4      | Reached skill level 1 in Summonings
  4525 | D:5      | Entered Level 5 of the Dungeon
  4676 | D:5      | Reached XP level 8. HP: 67/67 MP: 11/15
  4801 | D:5      | Reached * piety under the Shining One
  5005 | D:5      | Reached skill level 1 in Shields
  5106 | D:5      | Found Estraice's Gadget Gallery.
  5594 | D:6      | Reached skill level 5 in Fighting
  5659 | D:6      | Found a broken altar of Ashenzari.
  5659 | D:6      | Found a hide-covered altar of Uskayaw.
  5755 | D:6      | Noticed Grinder
  5767 | D:6      | Killed Grinder
  5768 | D:6      | Reached skill level 6 in Spellcasting
  5768 | D:6      | Reached skill level 5 in Conjurations
  5768 | D:6      | Reached XP level 9. HP: 74/74 MP: 10/18
  5810 | D:6      | Reached skill level 1 in Staves
  5941 | D:6      | Reached ** piety under the Shining One
  6018 | D:6      | Found Jifazibi's Antique Armour Emporium.
  6022 | D:6      | Bought a glowing cloak for 180 gold pieces
  6212 | D:6      | Identified the +8 quarterstaff of Success {freeze, Drain
                  | rPois Will+ Dex+3}
  6232 | D:6      | Found a bloodstained altar of Trog.
  6584 | D:7      | Reached skill level 5 in Dodging
  7140 | D:7      | Reached skill level 5 in Fire Magic
  7308 | D:7      | Reached *** piety under the Shining One
  7320 | D:7      | Found a basalt altar of Yredelemnul.
  7796 | D:8      | Reached XP level 10. HP: 79/83 MP: 12/20
  8029 | D:8      | Found Vemu Mum's Weapon Emporium.
  8312 | D:8      | Noticed a two-headed ogre
  8318 | D:8      | Killed a two-headed ogre
  8319 | D:8      | Reached skill level 7 in Spellcasting
  8968 | D:9      | Reached skill level 5 in Evocations
  9148 | D:9      | Reached **** piety under the Shining One
  9492 | D:9      | Found a stormy altar of Qazlal.
  9612 | D:10     | Entered Level 10 of the Dungeon
  9612 | D:10     | Noticed Nergalle
  9918 | D:10     | Reached skill level 5 in Summonings
  9928 | D:9      | Reached XP level 11. HP: 26/92 MP: 8/22
 10141 | D:10     | Noticed Lodul
 10808 | D:10     | Killed Lodul
 10826 | D:10     | Reached skill level 5 in Shields
 10860 | D:10     | Killed Nergalle
 11019 | D:10     | Found a hazy altar of Hepliaklqana.
 11049 | D:10     | Found a staircase to the Lair.
 11160 | D:10     | Found a staircase to the Orcish Mines.
 11345 | Lair:1   | Entered Level 1 of the Lair of Beasts
 11345 | Lair:1   | Reached ***** piety under the Shining One
 11355 | Lair:1   | Reached skill level 8 in Spellcasting
 11529 | D:10     | Slain by a komodo dragon

Illustrated notes

Levels and vault maps discovered:
D:1:      minmay_arrival_arboretum_large, layout_basic
D:2:      layout_basic, basic_altar, hangedman_decor_lopped, uniq_jessica
D:3:      layout_loops_ring, uniq_robin, uniq_natasha, uniq_terence
D:4:      layout_rooms, xom_redecorated, nemelex_spade_bored_becter,
          okawaru_metal_pillars_1_2, minmay_temple_entry_glassed_door,
          minivault_4, uniq_edmund, uniq_blork_the_orc, uniq_crazy_yiuf_cottage
D:5:      layout_basic, nicolae_shop_gadgets
D:6:      layout_cave_pools, mainiacjoe_overflow_paths,
          nicolae_overflow_two_pavilions, serial_gnoll_camp,
          gnoll_camp_mini_doghouse, gnoll_camp_mini_basic, gnoll_camp_mini_shop,
          gnoll_camp_mini_hut, uniq_grinder
D:7:      layout_basic, lemuel_mausoleum_altar_yredelemnul, minmay_manual_mares
D:8:      layout_layer_cave, minmay_misc_feat_rows, nicolae_stop_n_shop_1
D:9:      layout_rooms, general_overflow_altar, wad_floor_pattern_1
D:10:     layout_rooms, kennysheep_mini, grunt_lair_entry_orc_guard_hut,
          orc_0_dummy, uniq_nergalle, uniq_lodul
Temple:   hellmonk_temple_divided_pantheon
Lair:1:   layout_gridlike, gammafunk_ghost_cemetery, beast_lair_carwin_2

Skill      XL: |  1  2  3  4  5  6  7  8  9 10 11 |
---------------+----------------------------------+-----
Dodging        | 2 3 4 5 7 |  7.6
Fighting       | 1 2 3 4 5 6 7 |  7.5
Conjurations   | 2 3 4 5 6 |  6.8
Spellcasting   | 3 4 5 6 7 8 |  8.1
Evocations     | 1 3 4 5 6 |  6.1
Summonings     | 1 2 4 5 |  5.5
Shields        | 2 3 4 5 |  5.2
Fire Magic     | 4 5 6 |  6.5
Staves         | 2 3 4 |  4.5
Stealth        | |  1.7

Action                   |  1- 3 |  4- 6 |  7- 9 | 10-12 || total
-------------------------+-------+-------+-------+-------++-------
Melee: Staff             |    17 |    37 |    17 |       ||    71
       Tailslap          |     1 |     5 |     4 |     4 ||    14
       Punch             |       |     1 |       |       ||     1
       Quarterstaff      |       |       |     8 |    39 ||    47
 Cast: Foxfire           |    44 |   139 |   154 |   192 ||   529
       Scorch            |       |       |   149 |   111 ||   260
Invok: Divine Shield     |       |       |       |     1 ||     1
 Abil: Breathe Dispellin |       |       |     3 |     3 ||     6
Evoke: Wand              |       |       |     1 |    13 ||    14
 Stab: Sleeping          |     2 |       |       |       ||     2
Armor: Skin              |    16 |    15 |    51 |    59 ||   141
Dodge: Dodged            |    33 |    33 |   124 |   267 ||   457

Table legend: (Time is in decaauts)
 A = Elapsed time spent in this place.
 B = Non-inter-level travel time spent in this place.
 C = Inter-level travel time spent in this place.
 D = Time resting spent in this place.
 E = Time spent auto-exploring this place.
 F = Levels seen in this place.
 G = Mean time per level.
                   A        B        C        D        E       F      G
               +--------+--------+--------+--------+--------+-----+--------+
         Total |  11563 |  10755 |    808 |   1772 |   7059 |  12 |  963.6 |
       Dungeon |  11486 |  10689 |    797 |   1772 |   7058 |  10 | 1148.6 |
        Temple |     45 |     34 |     11 |      0 |      1 |   1 |   45.0 |
          Lair |     31 |     31 |      0 |      0 |      0 |   1 |   31.0 |
               +--------+--------+--------+--------+--------+-----+--------+

Top non-repeatable levels by time:
     D:9: 1399 daAuts
     D:3: 1250 daAuts
    D:10: 1246 daAuts
     D:7: 1163 daAuts
     D:8: 1150 daAuts
     D:4: 1095 daAuts
     D:1: 1083 daAuts
     D:2: 1071 daAuts
     D:5: 1055 daAuts
     D:6: 971 daAuts
  Temple: 45 daAuts
  Lair:1: 31 daAuts
